 Dungeon Crawl Stone Soup version 0.29.1-15-g9cfb28693d (webtiles) character file.

Game seed: 10983630421966610548

3098 croobank the Firebug (level 9, -7/67 HPs)
             Began as a Demonspawn Fire Elementalist on June 5, 2023.
             Was an Initiate of Hepliaklqana.
             Killed from afar by a gargoyle (29 damage)
             ... with a stone arrow
             ... in a bailey.
             The game lasted 00:26:53 (8110 turns).

croobank the Firebug (Demonspawn Fire Elementalist) Turns: 8110, Time: 00:26:54

Health: -7/67      AC:  5    Str:  8    XL:     9   Next: 59%
Magic:  16/25      EV: 14    Int: 21    God:    Hepliaklqana [......]
Gold:   372        SH:  8    Dex: 14    Spells: 6/18 levels left

rFire   . . .      SeeInvis .   k - +3 dagger
rCold   . . .      Faith    .   (no shield)
rNeg    . . .      Spirit   .   a - +0 robe
rPois   .          Reflect  .   c - +1 helmet
rElec   .          Harm     .   (no cloak)
rCorr   .          Rampage  .   (no gloves)
Will    .....                   r - +0 pair of boots
Stlth   +++.......              i - amulet of magic regeneration
HPRegen 0.21/turn               v - ring of magical power
MPRegen 0.59/turn               (no ring)

@: studying Translocations
A: claws 1, large bone plates 1, demonic guardian 2, condensation shield
a: Renounce Religion


You were in a bailey.
You worshipped Hepliaklqana.
Hepliaklqana was noncommittal.
You visited 1 branch of the dungeon, and saw 7 of its levels.
You also visited: Bailey.

You collected 372 gold pieces.

Inventory:

Hand Weapons
 e - a +0 dagger of draining
 k - a +3 dagger (weapon)
 n - a +4 scimitar
 w - a +0 war axe
 x - a +3 quarterstaff of draining
 C - a +5 flail of protection
Missiles
 d - 4 curare-tipped darts (quivered)
 p - a throwing net
 t - 3 atropa-tipped darts
Armour
 a - a +0 robe (worn)
 c - a +1 helmet (worn)
 r - a +0 pair of boots (worn)
 B - a +2 leather armour of cold resistance
 D - a +2 ring mail of willpower
 M - a +1 scale mail of poison resistance
Magical Staves
 y - a staff of poison
Jewellery
 i - an amulet of magic regeneration (around neck)
 v - a ring of magical power (left claw)
Wands
 q - a wand of digging (9)
 A - a wand of polymorph (15)
 J - a wand of charming (11)
Scrolls
 m - 2 scrolls of noise
 s - a scroll of fear
 E - a scroll of vulnerability
 F - a scroll of silence
 G - a scroll of amnesia {unknown}
 H - a scroll of immolation {unknown}
 I - a scroll of identify
Potions
 b - a potion of magic
 f - a potion of heal wounds
 g - a potion of haste
 h - 6 potions of flight
 j - 3 potions of mutation
 l - 4 potions of brilliance
 o - a potion of degeneration {unknown}
 u - 3 potions of might
 z - 3 potions of resistance {unknown}
 K - 3 potions of attraction {unknown}
Miscellaneous
 L - a tin of tremorstones (2/2)


   Skills:
 * Level 4.8 Fighting
 * Level 5.0 Dodging
 * Level 5.2 Stealth
 * Level 5.0 Spellcasting
 * Level 5.1 Conjurations
 + Level 3.2 Hexes
 + Level 3.3 Translocations
 * Level 5.4 Fire Magic
 + Level 2.2 Invocations


You had 6 spell levels left.
You knew the following spells:

 Your Spells              Type           Power      Damage    Failure   Level
a - Foxfire               Conj/Fire      100%       2x1d9     1%          1
b - Scorch                Fire           56%        2d8       1%          2
c - Inner Flame           Hex/Fire       23%        N/A       5%          3
d - Flame Wave            Conj/Fire      27%        2d9       12%         4
e - Blink                 Tloc           38%        N/A       4%          2

Your spell library contained the following spells:

 Spells                   Type           Power      Damage    Failure   Level
 Conjure Flame            Conj/Fire      27%        6-21      3%          3
 Gell's Gravitas          Tloc           19%        N/A       9%          3
 Lesser Beckoning         Tloc           19%        N/A       9%          3
 Teleport Other           Tloc           19%        N/A       9%          3
 Manifold Assault         Tloc           19%        N/A       58%         5
 Dispersal                Tloc           9%         N/A       99%         6


Dungeon Overview and Level Annotations

Branches:
Dungeon (7/15)             Temple (0/1) D:7          Bailey (1/1)

Altars:
Ashenzari
Fedhas
Hepliaklqana
Wu Jian

Shops:
D:3 =

Annotations:
D:2 1 runed translucent door, Crazy Yiuf
D:5 1 runed translucent door, Silvore's ghost, amateur MiFi


Innate Abilities, Weirdness & Mutations

You have sharp fingernails.
You are partially covered in large bone plates. (SH +4)
A demonic guardian rushes to your aid.
A meltable shield of frost defends you. (SH +4)


Message History

Casting: Scorch (safe; 1% risk of failure)
Confirm with . or Enter, or press ? or * to list all spells.
Flames lash the gargoyle but do no damage.
The gargoyle hurls a stone arrow at you.
The stone arrow hits you!!
A demonic guardian appears!
Casting: Scorch (safe; 1% risk of failure)
Confirm with . or Enter, or press ? or * to list all spells.
Flames lash the gargoyle.
The gargoyle is lightly damaged.
The gargoyle's fire resistance burns away.
Your hellwing hits the gargoyle.
Your hellwing hits the gargoyle but does no damage.
The gargoyle completely misses you.
Casting: Scorch (safe; 1% risk of failure)
Confirm with . or Enter, or press ? or * to list all spells.
Flames lash the gargoyle but do no damage.
Your hellwing hits the gargoyle!
Your hellwing hits the gargoyle but does no damage.
The gargoyle misses you.
Casting: Scorch (safe; 1% risk of failure)
Confirm with . or Enter, or press ? or * to list all spells.
Flames lash the gargoyle but do no damage.
Your hellwing closely misses the gargoyle.
Your hellwing hits the gargoyle but does no damage.
The gargoyle hurls a stone arrow at you.
The stone arrow hits you!!
Casting: Scorch (safe; 1% risk of failure)
Confirm with . or Enter, or press ? or * to list all spells.
Flames lash the gargoyle.
The gargoyle is burned terribly!
The gargoyle is heavily damaged.
Your hellwing hits the gargoyle.
Your hellwing hits the gargoyle but does no damage.
The gargoyle hits you with a +0 mace.
You hit the gargoyle but do no damage.
The gargoyle is severely damaged.
Your hellwing hits the gargoyle but does no damage.
Your hellwing hits the gargoyle!
The gargoyle hurls a stone arrow at you.
The stone arrow hits you!!
You die...

#....♣.......)#####
#...♣..............
..#.........)......).
..##.......♣.♣..#####
.9.##).....♣.....####
##...##......).)..+..#
##... #...)......♣.#§.#
#....##.)....♣.....#..#
#..)##@............#..#
#...49.######.....)#).#
#......#...)#.....)#..#
#8.....#..).#......)..'
########''###..#.....#####
#...))......'..'..####....
#....#......#######...8...
######......#.........8...
#......'........8....


You could see a gargoyle (combustible, ally target) and a friendly hellwing
(summoned).

Vanquished Creatures
  Pikel (D:5)
  A hornet (D:6)
  Duvessa (D:4)
  2 phantoms
  A lemure (D:5)
  4 scorpions
  8 wights
  Dowan (D:5)
  8 vampire bats (Bailey)
  7 wolf zombies (Bailey)
  A jelly (D:4)
  3 hounds
  An orc priest (D:4)
  A gnoll bouda (D:5)
  3 iguanas
  3 orc wizards
  10 gnolls
  12 adders
  A white imp (D:7)
  An ufetubus (D:4)
  2 worms
  A dart slug (D:2)
  11 orcs
  7 ball pythons
  7 endoplasms
  9 giant cockroaches (D:3)
  9 goblins
  3 hobgoblins
  7 jackals
  7 kobolds
  2 quokkas
  5 bats
  6 frilled lizards
  18 orc zombies (Bailey)
164 creatures vanquished.

Vanquished Creatures (collateral kills)
  Edmund (D:5)
  A phantom (D:5)
  2 gnolls (D:5)
  2 adders
  An endoplasm (D:3)
  A giant cockroach (D:3)
  A quokka (D:5)
  A bat (D:3)
  A kobold (D:3)
11 creatures vanquished.

Vanquished Creatures (others)
  355 foxfires
  8 plants (D:7)
363 creatures vanquished.

Grand Total: 538 creatures vanquished

Notes
Turn   | Place    | Note
-------+----------+-------------------------------------------
     0 | D:1      | croobank the Demonspawn Fire Elementalist began the quest
                  | for the Orb.
     0 | D:1      | Reached XP level 1. HP: 13/13 MP: 3/3
   410 | D:1      | Gained mutation: A weak demonic guardian rushes to your
                  | aid. [demonic ancestry]
   410 | D:1      | Reached XP level 2. HP: 16/19 MP: 1/5
  1066 | D:1      | Learned a level 2 spell: Scorch
  1424 | D:2      | Gained mutation: You are partially covered in large bone
                  | plates. (SH +4) [demonic ancestry]
  1424 | D:2      | Reached XP level 3. HP: 24/24 MP: 3/6
  1428 | D:2      | Learned a level 3 spell: Inner Flame
  1992 | D:2      | Reached XP level 4. HP: 30/30 MP: 7/7
  2047 | D:2      | Found a runed translucent door.
  2048 | D:2      | Noticed Crazy Yiuf
  2778 | D:3      | Reached XP level 5. HP: 35/35 MP: 5/9
  3395 | D:3      | Found Meklooro's Jewellery Boutique.
  3644 | D:4      | Reached skill level 1 in Fighting
  4185 | D:4      | Gained mutation: A demonic guardian rushes to your aid.
                  | [demonic ancestry]
  4185 | D:4      | Reached XP level 6. HP: 42/43 MP: 10/10
  4489 | D:5      | Entered Level 5 of the Dungeon
  4545 | D:5      | Found a runed translucent door.
  4546 | D:5      | Noticed Edmund
  4568 | D:4      | Learned a level 4 spell: Flame Wave
  4608 | D:4      | Reached skill level 1 in Hexes
  4698 | D:5      | Reached XP level 7. HP: 5/51 MP: 11/11
  4956 | D:5      | Found a blossoming altar of Fedhas.
  4999 | D:5      | Noticed Duvessa
  5000 | D:5      | Noticed Dowan
  5015 | D:5      | Killed Dowan
  5022 | D:4      | Killed Duvessa
  5603 | D:5      | Killed Edmund
  5604 | D:5      | Reached skill level 1 in Translocations
  5759 | D:5      | Gained mutation: You have sharp fingernails. [demonic
                  | ancestry]
  5759 | D:5      | Reached XP level 8. HP: 37/58 MP: 13/13
  5942 | D:5      | Noticed Silvore's ghost (amateur MiFi)
  5998 | D:5      | Noticed Pikel
  6027 | D:5      | Killed Pikel
  6516 | D:5      | Learned a level 2 spell: Blink
  6808 | D:6      | Found an ornate altar of the Wu Jian Council.
  6899 | D:6      | Found a hazy altar of Hepliaklqana.
  6919 | D:6      | Found a broken altar of Ashenzari.
  6966 | D:6      | Became a worshipper of Hepliaklqana the Forgotten
  7032 | D:6      | Gained mutation: A meltable shield of frost defends you.
                  | (SH +4) [demonic ancestry]
  7032 | D:6      | Reached XP level 9. HP: 65/65 MP: 15/15
  7256 | D:6      | Reached skill level 5 in Fire Magic
  7460 | D:6      | Reached skill level 1 in Invocations
  7490 | D:7      | Found a staircase to the Ecumenical Temple.
  7537 | D:7      | Found a flagged portal.
  7564 | Bailey   | Entered a bailey
  7631 | Bailey   | Reached skill level 5 in Stealth
  7844 | Bailey   | Reached skill level 5 in Conjurations
  7846 | Bailey   | Reached skill level 5 in Dodging
  7847 | Bailey   | Reached skill level 5 in Spellcasting
  8096 | Bailey   | Noticed a gargoyle
  8110 | Bailey   | Killed from afar by a gargoyle

Illustrated notes

Levels and vault maps discovered:
D:1:      dpeg_arrival_water_temple_mockup, layout_basic,
          minmay_misc_feat_plants
D:2:      layout_basic, uniq_crazy_yiuf_cottage
D:3:      minmay_roachtagon, layout_rooms, serial_shops, nicolae_lakefront_shop,
          nrook_loot_triangle, minmay_misc_feat_four_crosses, feat_on_display
D:4:      layout_cave_pools
D:5:      layout_basic, mainiacjoe_overflow_small_starburst,
          ebering_ghost_sewer_d, minmay_manual_monolith, uniq_pikel,
          uniq_duvessa, uniq_edmund
D:6:      layout_rooms, lemuel_round_altar, nzn_wu_jian_contemplation,
          nzn_hepliaklqana_mist_gate
D:7:      layout_loops_ring, kennysheep_mini, minmay_temple_entry_large_hall,
          lightli_bailey_entry_fortress, serial_bayou_pond_c
Bailey:   bailey_polearm_vampire_castle_hellmonk, bailey

Skill      XL: |  1  2  3  4  5  6  7  8  9 |
---------------+----------------------------+-----
Stealth        | 2 3 4 5 |  5.2
Dodging        | 2 3 4 5 |  5.0
Fire Magic     | 3 4 5 |  5.4
Conjurations   | 2 3 4 5 |  5.1
Fighting       | 1 2 3 4 |  4.8
Spellcasting   | 3 4 5 |  5.0
Hexes          | 1 2 3 |  3.2
Translocations | 1 2 3 |  3.3
Invocations    | 2 |  2.2

Action                   |  1- 3 |  4- 6 |  7- 9 || total
-------------------------+-------+-------+-------++-------
Melee: Dagger            |    21 |    56 |    65 ||   142
Throw: Throwing net      |       |     1 |       ||     1
 Cast: Foxfire           |    34 |    46 |   120 ||   200
       Scorch            |     9 |    51 |   106 ||   166
       Flame Wave        |       |     2 |     4 ||     6
       Inner Flame       |       |       |     1 ||     1
  Use: Scroll            |       |    14 |     3 ||    17
       Potion            |       |       |     2 ||     2
 Stab: Sleeping          |     8 |       |     1 ||     9
       Distracted        |       |       |     1 ||     1
Armor: Robe              |     9 |    26 |    18 ||    53
Dodge: Dodged            |    21 |    64 |    88 ||   173
Block: Other             |     4 |    16 |    36 ||    56
